 Dungeon Crawl Stone Soup version 0.19.1 (webtiles) character file.

46 Gargoyl the Skirmisher (level 3, 0/33 HPs)
             Began as a Ghoul Abyssal Knight on Dec 22, 2016.
             Was a Follower of Lugonu.
             Slain by a hobgoblin (4 damage)
             ... on level 1 of the Dungeon.
             The game lasted 00:02:39 (1092 turns).

Gargoyl the Skirmisher (Ghoul Abyssal Knight)       Turns: 1092, Time: 00:02:40

Health: 0/33       AC:  5    Str: 15    XL:     3   Next: 66%
Magic:  3/3        EV: 11    Int:  7    God:    Lugonu [*.....]
Gold:   81         SH:  0    Dex:  9    Spells: 0 memorised, 2 levels left

rFire  . . .     SeeInvis .     a - +1 hand axe
rCold  + . .     Gourm    .     b - +0 leather armour
rNeg   + + +     Faith    .     (no shield)
rPois  ∞         Spirit   .     g - +2 hat
rElec  .         Reflect  .     (no cloak)
rCorr  .         Harm     .     (no gloves)
MR     .....                    (no boots)
Stlth  +.........               (no amulet)
                                (no ring)
                                (no ring)

@: rotting
A: rotting body, claws 1, carnivore 3, cold resistance 1, negative energy
resistance 3, slow regeneration 1, torment resistance, unbreathing
a: Depart the Abyss, Renounce Religion


You were on level 1 of the Dungeon.
You worshipped Lugonu.
Lugonu was aware of your devotion.
You were not hungry.

You visited 1 branch of the dungeon, and saw 2 of its levels.
You visited the Abyss 1 time.

You collected 81 gold pieces.

Inventory:

Hand Weapons
 a - a +1 hand axe (weapon)
Armour
 b - a +0 leather armour (worn)
 g - a +2 hat (worn)
Wands
 f - a wand of polymorph (20/24)
Scrolls
 h - a scroll of remove curse {unknown}
 j - a scroll of identify {unknown}
Potions
 d - 2 potions of might {unknown}
 e - 2 potions of flight {unknown}
 k - a potion of degeneration {unknown}
Books
 l - a book of Minor Magic

   Spells                             Type                      Level
   a - Magic Dart                     Conjuration                  1
   b - Blink                          Translocation                2
   c - Call Imp                       Summoning                    2
   d - Repel Missiles                 Charms/Air                   2
   e - Slow                           Hexes                        2
   f - Conjure Flame                  Conjuration/Fire             3
   g - Mephitic Cloud                 Conjuration/Poison/Air       3
Comestibles
 c - 4 meat rations
 i - a chunk of flesh


   Skills:
 + Level 4.1 Fighting
 + Level 2.6 Axes
 + Level 2.0 Armour
 + Level 1.0 Dodging
 + Level 0.2 Stealth
 + Level 2.0 Invocations


You had 2 spell levels left.
You didn't know any spells.

Dungeon Overview and Level Annotations

Branches:
Dungeon (2/15)

Altars:


Innate Abilities, Weirdness & Mutations

Your body is rotting away.
You thrive on raw meat.
You are immune to poison.
You have sharp fingernails.
You are carnivorous and can eat meat at any time.
Your flesh is cold resistant. (rC+)
You are immune to negative energy. (rN+++)
You regenerate slowly when monsters are visible.
You are immune to unholy pain and torment.
You can survive without breathing.


Message History

You barely miss the kobold. You hit the adder but do no damage.
You hit the adder. The kobold hits you but does no damage.
The adder barely misses you. The adder bites you.
A gnoll comes into view.
The gnoll shouts!
The kobold hits you but does no damage. The adder barely misses you.
The hobgoblin completely misses you. The hobgoblin hits you.
* * * LOW HITPOINT WARNING * * *
There is a stone staircase leading up here.
The adder barely misses you.
The hobgoblin hits you but does no damage.
The kobold hits you but does no damage. The adder bites you but does no damage.
You climb upwards.
There is a stone staircase leading down here.
Okay, then.
The hobgoblin hits you.
* * * LOW HITPOINT WARNING * * *
The hobgoblin hits you.
You die...

#.# #...#...##...# ##.## #.#
##..#.######.# #...# #.#
#....# #.# #...# #.# #.##.#
#.# #...# #.# #.##.#### #.#
#.### ####.# #.##....###.# #.#
.....#########.####...##.###.#
#######.......S####.#........#
..............Kg@........#####
#######.################## #.#
#.# #.# #.# #.# #.# #.#


You could see an adder, a hobgoblin and a kobold.

Vanquished Creatures
  An adder (D:2)
  An ooze (D:2)
  A dart slug (D:1)
  A leopard gecko (D:1)
  2 ball pythons
  A giant cockroach (D:1)
  6 goblins (D:1)
  A quokka (D:2)
  4 bats
  3 frilled lizards
  3 kobolds (D:1)
  6 rats
30 creatures vanquished.

Notes
Turn   | Place    | Note
-------+----------+-------------------------------------------
     0 | Abyss:1  | Gargoyl the Ghoul Abyssal Knight began the quest for the Orb.
     0 | Abyss:1  | Reached XP level 1. HP: 19/19 MP: 1/1
    36 | Abyss:2  | Noticed a worldbinder
    40 | Abyss:2  | Noticed a wraith
    53 | D:1      | Escaped the Abyss
   328 | D:1      | Reached * piety under Lugonu
   337 | D:1      | Reached XP level 2. HP: 23/27 MP: 2/2
   553 | D:1      | Reached skill level 4 in Fighting
   795 | D:1      | Reached skill level 1 in Dodging
   795 | D:1      | Reached XP level 3. HP: 27/33 MP: 3/3
  1092 | D:1      | Slain by a hobgoblin

Skill      XL: |  1  2  3 |
---------------+----------+-----
Axes           | 2 |  2.6
Fighting       | 4 |  4.1
Dodging        | 1 |  1.0
Armour         | 2 |  2.0
Stealth        | |  0.2
Invocations    | |  2.0

Action                   || total
-------------------------++-------
Melee: Hand axe          ||   106
Invok: Depart the Abyss  ||     1
  Eat: Chunk             ||    17
Armor: Leather armour    ||    66
Dodge: Dodged            ||    99
